 Dungeon Crawl Stone Soup version 0.28.0-53-g5a82cb258f (webtiles) character file.

Game seed: 13162124376489267474

123 Gabide the Skirmisher (level 4, -2/37 HPs)
             Began as a Mummy Monk on June 3, 2022.
             Slain by Natasha (5 damage)
             ... on level 3 of the Dungeon.
             The game lasted 00:03:09 (3151 turns).

Gabide the Skirmisher (Mummy Monk)                  Turns: 3151, Time: 00:03:09

Health: -2/37      AC:  6    Str: 14    XL:     4   Next: 79%
Magic:  4/4        EV: 14    Int:  9    God:
Gold:   108        SH:  5    Dex: 16    Spells: 3/3 levels left

rFire   . . .      SeeInvis .     - Unarmed
rCold   + + .      Faith    .   (no shield)
rNeg    + + +      Spirit   .   g - +0 scale mail
rPois   ∞          Reflect  +   (no helmet)
rElec   .          Harm     .   h - scarf {rC+ rF+}
rCorr   .          Rampage  .   (no gloves)
Will    .....                   (no boots)
Stlth   +.........              e - amulet of reflection
HPRegen 0.12/turn               f - +4 ring of evasion
MPRegen 0.09/turn               (no ring)

@: slowed, very slow
A: cold resistance 1, negative energy resistance 3, torment resistance 2, heat
vulnerability 1, no potions
a: no special abilities


You were on level 3 of the Dungeon.
You visited 1 branch of the dungeon, and saw 3 of its levels.

You collected 108 gold pieces.

Inventory:

Armour
 g - a +0 scale mail (worn)
 h - a scarf of resistance (worn)
 i - a scarf of repulsion
Jewellery
 e - an amulet of reflection (around neck)
 f - a +4 ring of evasion (left hand)
Scrolls
 d - a scroll of fog {unknown}


   Skills:
 + Level 4.0 Fighting
 + Level 3.2 Dodging
 - Level 1.5 Stealth
 + Level 3.3 Unarmed Combat


You had 3 spell levels left.
You didn't know any spells.
Your spell library was empty.

Dungeon Overview and Level Annotations

Branches:
Dungeon (3/15)

Altars:
Cheibriados
Zin

Annotations:
D:2 1 runed translucent door, Crazy Yiuf
D:3 Natasha


Innate Abilities, Weirdness & Mutations

You are immune to poison.
Your flesh is cold resistant. (rC+)
You are immune to negative energy. (rN+++)
You are immune to unholy pain and torment.
You are vulnerable to heat. (rF-)
You do not drink.


Message History

The magic dart hits you.
* * * LOW HITPOINT WARNING * * *
The shadow imp hits you.
* * * LOW HITPOINT WARNING * * *
Okay, then.
You can't drink.
As you read the scroll labelled RUFESH PUQA, it crumbles to dust.
It is a scroll of enchant weapon.
You aren't carrying any weapons that can be enchanted.
You block the jackal's attack. The jackal misses you.
The crimson imp blinks!
Natasha claws you.
* * * LOW HITPOINT WARNING * * *
The shadow imp hits you.
* * * LOW HITPOINT WARNING * * *
The jackal barely misses you. The crimson imp closely misses you.
As you read the scroll labelled LODAZ SAICW, it crumbles to dust.
It is a scroll of brand weapon.
You aren't carrying any weapons that can be branded.
The shadow imp disappears in a puff of smoke!
You block Natasha's attack. The jackal bites you.
* * * LOW HITPOINT WARNING * * *
The crimson imp misses you.
Natasha mumbles some strange words.
The jackal closely misses you.
As you read the scroll labelled EMPOG WIERPHOU, it crumbles to dust.
You feel aware of your surroundings.
It was a scroll of magic mapping.
You feel yourself speed up.
The jackal bites you but does no damage.
The crimson imp hits you but does no damage.
Natasha claws you.
* * * LOW HITPOINT WARNING * * *
The jackal barely misses you.
The crimson imp hits you but does no damage.
Unknown command.
The shadow imp hits you but does no damage.
Natasha casts a spell at you.
You feel yourself slow down. You block the shadow imp's attack.
Natasha claws you.
You die...

*,,,,,,,,*.......,,..#.#...####
*,,,,,,,,#......#**###.#...#([[
*,,,,,..,#......# #.#...#($?
*,,,,,...*,,,,.,* #.#.[.#:((
**,,,,,...#####.,* #.....####
*,,,,,,........#,########.......
*,,,,,,,*#.....#+#..............
*,,,,,,,*#..$.†.......###.###...
************#..@h5....#.........
#..5h.....#.....#...
#.........#.....####
#.........#.....####
#.........#.....#...
###.........###..##...
#...)............#....
#................#....
#.....##.........#....


You could see Natasha, a crimson imp (summoned), a shadow imp (summoned) and a
jackal.

Vanquished Creatures
  Jessica (D:3)
  Natasha (D:3)
  An adder (D:2)
  A worm (D:2)
  4 dart slugs
  5 orcs (D:3)
  6 bats
  6 endoplasms
  2 giant cockroaches
  3 goblins
  4 hobgoblins
  2 jackals (D:3)
  2 ball pythons
  3 frilled lizards
  2 kobolds
  5 rats
48 creatures vanquished.

Notes
Turn   | Place    | Note
-------+----------+-------------------------------------------
     0 | D:1      | Gabide the Mummy Monk began the quest for the Orb.
     0 | D:1      | Reached XP level 1. HP: 18/18 MP: 1/1
   264 | D:1      | Reached XP level 2. HP: 2/24 MP: 2/2
  1426 | D:2      | Reached XP level 3. HP: 27/29 MP: 3/3
  1710 | D:2      | Found a faded altar of an unknown god.
  1752 | D:2      | Found a runed translucent door.
  1753 | D:2      | Noticed Crazy Yiuf
  2763 | D:3      | Found a snail-covered altar of Cheibriados.
  2814 | D:3      | Reached XP level 4. HP: 37/37 MP: 4/4
  2993 | D:3      | Noticed Jessica
  3000 | D:3      | Killed Jessica
  3008 | D:3      | Noticed Natasha
  3025 | D:3      | Killed Natasha
  3026 | D:3      | Reached skill level 4 in Fighting
  3131 | D:3      | Noticed Natasha
  3151 | D:3      | Slain by Natasha

Illustrated notes

Levels and vault maps discovered:
D:1:      lightli_arrival_chessboard, layout_loops_ring, minivault_25
D:2:      layout_basic, nicolae_ecumenical_lake_church, kennysheep_flooded_box,
          grunt_ministairs_10, uniq_crazy_yiuf_cottage
D:3:      layout_basic, kennysheep_slug_shrine, hex_intersection, st_stairs_1,
          due_unseen_surprise, uniq_natasha, uniq_jessica

Skill      XL: |  1  2  3  4 |
---------------+-------------+-----
Dodging        | 3 |  3.2
Unarmed Combat | 3 |  3.3
Fighting       | 4 |  4.0
Stealth        | |  1.5

Action                   |  1- 3 |  4- 6 || total
-------------------------+-------+-------++-------
Melee: Unarmed           |   154 |    40 ||   194
       Punch             |     3 |     2 ||     5
  Use: Scroll            |       |     3 ||     3
 Stab: Sleeping          |     1 |       ||     1
Armor: Robe              |     9 |       ||     9
       Leather armour    |     3 |       ||     3
       Scale mail        |    23 |    19 ||    42
Dodge: Dodged            |    89 |    33 ||   122
Block: Other             |    23 |    15 ||    38
       Reflection        |     3 |       ||     3
